 Dungeon Crawl Stone Soup version 0.30-a0-368-g86fb4627a9 (webtiles) character file.

Game seed: 16914007921311214436

891 nakedcarnage the Trooper (level 8, 0/82 HPs)
             Began as an Octopode Chaos Knight on Nov 19, 2022.
             Was an Elder of Uskayaw.
             Slain by a sky beast (1 damage)
             ... on level 7 of the Dungeon.
             The game lasted 00:07:28 (4652 turns).

nakedcarnage the Trooper (Octopode Chaos Knight)    Turns: 4652, Time: 00:07:28

Health: 0/82       AC:  1    Str: 18    XL:     8   Next: 6%
Magic:  12/12      EV: 18    Int: 14    God:    Uskayaw [****..]
Gold:   227        SH:  0    Dex: 17    Spells: 9/13 levels left

rFire   . . .      SeeInvis .    a - +0 spear (chaos)
rCold   . . .      Faith    .    (no shield)
rNeg    . . .      Spirit   .    (helmet restricted)
rPois   .          Reflect  .    (no amulet)
rElec   .          Harm     .    h - +6 ring of strength
rCorr   .          Rampage  .    o - +4 ring of evasion
Will    .....      Clarity  +    r - +6 ring of dexterity
Stlth   ..........               (no ring)
HPRegen 0.33/turn                (no ring)
MPRegen 0.13/turn                (no ring)
                                 (no ring)
                                 (no ring)

@: berserking, unable to read, very quick
A: almost no armour, amphibious, 8 rings, camouflage 1, gelatinous body 1,
(nimble swimmer 1), tentacles, clarity, dopey 1, inability to read after injury
2
a: Renounce Religion, Stomp, Line Pass


You were on level 7 of the Dungeon.
You worshipped Uskayaw.
Uskayaw was noncommittal.
You visited 1 branch of the dungeon, and saw 7 of its levels.

You collected 227 gold pieces.

Inventory:

Hand Weapons
 a - a +0 spear of chaos (weapon)
 i - a +2 bardiche of chaos
 l - a +0 spear
 p - a +0 dagger of venom
 s - a +0 trident
 x - a +0 war axe
Jewellery
 h - a +6 ring of strength (left tentacle)
 o - a +4 ring of evasion (right tentacle)
 r - a +6 ring of dexterity (on tentacle)
Wands
 d - a wand of iceblast (1) {@v2}
Scrolls
 e - 4 scrolls of teleportation {@r3}
 k - 3 scrolls of amnesia {unknown}
 n - 2 scrolls of blinking {@r4}
 t - a scroll of fear
 v - a scroll of enchant armour {unknown}
 w - a scroll of summoning {unknown}
 y - a scroll of enchant weapon {unknown}
Potions
 c - a potion of curing {unknown}
 g - a potion of flight
 j - 3 potions of heal wounds {unknown}
 m - a potion of lignification {unknown}
 q - 2 potions of ambrosia {unknown}
 u - a potion of might {unknown}
Miscellaneous
 b - a piece from Xom's chessboard (15/15) (quivered)


   Skills:
 - Level 5.0 Fighting
 - Level 3.0 Polearms
 - Level 3.5 Dodging
 - Level 3.0 Spellcasting
 - Level 5.0 Ice Magic
 + Level 4.0 Invocations


You had 9 spell levels left.
You knew the following spells:

 Your Spells              Type           Power      Damage    Failure   Level
a - Summon Small Mammal   Summ           8%         N/A       22%         1
b - Ozocubu's Armour      Ice            16%        N/A       9%          3

Your spell library contained the following spells:

 Spells                   Type           Power      Damage    Failure   Level
 Frozen Ramparts          Ice            32%        1d5       9%          3
 Apportation              Tloc           4%         N/A       22%         1
 Beastly Appendage        Tmut           4%         N/A       22%         1
 Necrotise                Necr           8%         1d4       22%         1
 Sandblast                Erth           4%         2d4       22%         1
 Passwall                 Tmut/Erth      1%         N/A       32%         2
 Sublimation of Blood     Necr           2%         N/A       32%         2
 Wereblood                Tmut           2%         N/A       32%         2
 Inner Flame              Hex/Fire       2%         N/A       54%         3
 Spider Form              Tmut/Pois      2%         N/A       54%         3
 Stone Arrow              Conj/Erth      4%         3d7       54%         3
 Summon Guardian Golem    Hex/Summ       2%         N/A       54%         3
 Ice Form                 Ice/Tmut       9%         N/A       58%         4
 Summon Ice Beast         Ice/Summ       9%         N/A       58%         4
 Cause Fear               Hex            1%         N/A       91%         4
 Orb of Destruction       Conj           1%         9d5       100%        7
 Ozocubu's Refrigeration  Ice            8%         4d9       100%        7
 Spellforged Servitor     Conj/Summ      1%         N/A       100%        7
 Summon Hydra             Summ           1%         N/A       100%        7
 Discord                  Hex            1%         N/A       100%        8


Dungeon Overview and Level Annotations

Branches:
Dungeon (7/15)             Temple (0/1) D:5

Altars:
Fedhas
Uskayaw
Vehumet
Yredelemnul

Annotations:
D:4 exclusion: adder, Sigmund


Innate Abilities, Weirdness & Mutations

You cannot wear most types of armour.
You are amphibious.
You can wear up to eight rings at the same time.
Your skin changes colour to match your surroundings (Stealth+).
Your rubbery body absorbs attacks. (AC +1, EV +1)
((You are camouflaged when in or above water. (Stealth+)))
You have tentacles for arms and can constrict up to eight enemies at once.
You possess an exceptional clarity of mind.
You are dopey. (Int -2)
You sometimes lose the ability to read scrolls when taking damage.


Message History

You kill the tengu!
Your piece from Xom's chessboard (15/15) has regained one charge.
Your Invocations skill increases to level 4!
You have reached level 8!
You closely miss the shadow imp. You grab the shadow imp.
You constrict the shadow imp. The shadow imp hits you.
You hit the shadow imp.
You kill the shadow imp!
You can read scrolls again.
A sky beast comes into view.
You hit the sky beast. You freeze the sky beast. The sky beast hits you.
The sky beast shocks you.
You barely miss the sky beast. The sky beast misses you.
Uskayaw prepares the audience for your solo!
The helpless sky beast fails to defend itself.
You hit the sky beast.
The sky beast flickers and vanishes!
Deactivating autopickup; reactivate with Ctrl-A.
Something hits you. Something shocks you.
You feel threatened and lose the ability to read scrolls!
You miss something. Something hits you. Something shocks you.
Something hits you.
* * * LOW HITPOINT WARNING * * *
Something shocks you.
* * * LOW HITPOINT WARNING * * *
Found 13 gold pieces.
You see here a scroll labelled NOOHET YZURACSO.
Okay, then.
A red film seems to cover your vision as you go berserk!
You feel yourself moving faster!
You feel mighty! Something hits you.
* * * LOW HITPOINT WARNING * * *
Something shocks you.
* * * LOW HITPOINT WARNING * * *
You closely miss something. Something hits you.
* * * LOW HITPOINT WARNING * * *
Something shocks you.
* * * LOW HITPOINT WARNING * * *
You puncture something! You burn something. You barely miss something.
Something hits you.
You die... "I guess I need a new plaything now."

. . ##$ ..... ..
..... ###.###
...... .....
..... ...##
.###..##...####.
.......@{.......
######....##.##
#..#.# ##...#
#...# #...#.#
#..##.# #.. #.##
#..# #..#


There were no monsters in sight!

Vanquished Creatures
  Eustachio (D:4)
  A steam dragon (D:7)
  An ogre (D:4)
  A tengu (D:7)
  A bullfrog (D:6)
  A scorpion (D:4)
  2 jellies (D:5)
  2 orc priests (D:5)
  A hound (D:2)
  Robin (D:2)
  2 gnolls (D:2)
  5 adders
  A shadow imp (D:7)
  A white imp (D:5)
  A worm (D:3)
  3 dart slugs
  6 orcs
  8 bats
  3 endoplasms
  4 giant cockroaches
  17 goblins
  7 hobgoblins
  5 jackals (D:3)
  4 quokkas
  5 ball pythons
  3 frilled lizards
  5 kobolds
  6 rats
98 creatures vanquished.

Vanquished Creatures (others)
  An orc priest (D:4)
  3 orcs (D:4)
4 creatures vanquished.

Grand Total: 102 creatures vanquished

Notes
Turn   | Place    | Note
-------+----------+-------------------------------------------
     0 | D:1      | nakedcarnage the Octopode Chaos Knight began the quest for
                  | the Orb.
     0 | D:1      | Reached XP level 1. HP: 16/16 MP: 1/1
    57 | D:1      | XOM: divination: detect items
   301 | D:1      | Reached XP level 2. HP: 21/21 MP: 2/2
   480 | D:1      | XOM: god gift: metallic purple potion {god gift}
   548 | D:1      | XOM: god gift: runed bardiche {god gift}
   738 | D:1      | Learned a level 1 spell: Summon Small Mammal
   809 | D:2      | Reached XP level 3. HP: 27/27 MP: 3/3
   815 | D:2      | Noticed Robin
   836 | D:2      | Killed Robin
  1115 | D:2      | XOM: 1-stop teleportation journey
  1127 | D:2      | XOM: cloud trail
  1311 | D:2      | Reached XP level 4. HP: 33/33 MP: 4/4
  1543 | D:2      | XOM: polymorph gnoll -> hound
  1608 | D:2      | Reached XP level 5. HP: 28/38 MP: 5/5
  1616 | D:2      | Reached skill level 5 in Fighting
  1668 | D:2      | XOM: give mutations
  1668 | D:2      | Gained mutation: You occasionally lose the ability to read
                  | scrolls when taking damage. [Xom's mischief]
  1668 | D:2      | Gained mutation: You are dopey. (Int -2) [Xom's mischief]
  1668 | D:2      | Gained mutation: You are weak. (Str -2) [Xom's mischief]
  2033 | D:2      | Learned a level 3 spell: Ozocubu's Armour
  2142 | D:3      | Reached skill level 1 in Ice Magic
  2349 | D:3      | XOM: stat loss: -1 Dex (10/11)
  2393 | D:3      | Found a hide-covered altar of Uskayaw.
  2454 | D:3      | Found a blossoming altar of Fedhas.
  2546 | D:3      | XOM: torment (21/39 hp)
  2547 | D:3      | XOM: draining
  2548 | D:3      | Fell from the grace of Xom
  2548 | D:3      | Became a worshipper of Uskayaw the Reveller
  2796 | D:4      | Reached * piety under Uskayaw
  2799 | D:4      | Reached ** piety under Uskayaw
  2800 | D:4      | Reached skill level 1 in Spellcasting
  2800 | D:4      | Reached XP level 6. HP: 29/45 MP: 6/8
  2861 | D:4      | Found a radiant altar of Vehumet.
  3037 | D:4      | XOM: give mutations
  3037 | D:4      | Lost mutation: You are weak. (Str -2) [Xom's mischief]
  3037 | D:4      | Gained mutation: Your body sometimes deteriorates upon
                  | taking damage. [Xom's mischief]
  3117 | D:4      | Noticed Sigmund
  3454 | D:4      | XOM: summons 2 hostile shadow creatures
  3719 | D:5      | Entered Level 5 of the Dungeon
  3849 | D:5      | Noticed Eustachio
  3849 | D:5      | XOM: 2-stop teleportation journey
  4045 | D:5      | XOM: give mutations
  4045 | D:5      | Gained mutation: You sometimes lose the ability to read
                  | scrolls when taking damage. [Xom's mischief]
  4045 | D:5      | Gained mutation: You are strong-willed. (Will+) [Xom's
                  | mischief]
  4045 | D:5      | Gained mutation: You are very dopey. (Int -4) [Xom's
                  | mischief]
  4085 | D:5      | Reached *** piety under Uskayaw
  4087 | D:5      | Reached XP level 7. HP: 29/50 MP: 10/10
  4192 | D:4      | Killed Eustachio
  4388 | D:5      | Found a staircase to the Ecumenical Temple.
  4443 | D:5      | XOM: give mutations
  4443 | D:5      | Lost mutation: You are very dopey. (Int -4) [Xom's
                  | mischief]
  4443 | D:5      | Lost mutation: You are strong-willed. (Will+) [Xom's
                  | mischief]
  4443 | D:5      | Lost mutation: Your body sometimes deteriorates upon taking
                  | damage. [Xom's mischief]
  4443 | D:5      | Gained mutation: You possess an exceptional clarity of
                  | mind. [Xom's mischief]
  4455 | D:5      | Found a basalt altar of Yredelemnul.
  4500 | D:6      | Reached skill level 5 in Ice Magic
  4500 | D:6      | Reached skill level 1 in Invocations
  4622 | D:7      | Noticed a steam dragon
  4630 | D:7      | Killed a steam dragon
  4635 | D:7      | Reached **** piety under Uskayaw
  4638 | D:7      | Reached XP level 8. HP: 42/55 MP: 12/12
  4650 | D:7      | HP: 1/82 [something (6)]
  4652 | D:7      | Slain by a sky beast

Illustrated notes

Levels and vault maps discovered:
D:1:      ncdulo_wetmaze, layout_basic, minmay_cupped
D:2:      minmay_recursive_quarters, layout_basic, uniq_robin
D:3:      layout_rooms, nicolae_uskayaw_suspiria, mainiacjoe_overflow_alcove_2,
          grunt_decor_junction
D:4:      layout_loops_ring, fiery_altar_vehumet, uniq_sigmund
D:5:      layout_rooms, mainiacjoe_overflow_chevrons, lemuel_tele_altar,
          temple_fountains, uniq_eustachio
D:6:      layout_gridville, elyvilon_altar_5, nrook_loot_triangle, uniq_duvessa
D:7:      layout_rooms, nemelex_spade_bored_becter,
          nicolae_overflow_hidden_temple, enter_bailey_2,
          kennysheep_generic_room_4

Skill      XL: |  1  2  3  4  5  6  7 |
---------------+----------------------+-----
Fighting       | 4 5 |  5.0
Dodging        | 3 |  3.5
Ice Magic      | 2 3 5 |  5.0
Spellcasting   | 1 2 3 |  3.0
Invocations    | 4 |  4.0
Polearms       | |  3.0

Action                   |  1- 3 |  4- 6 |  7- 9 || total
-------------------------+-------+-------+-------++-------
Melee: Spear             |    70 |   154 |    35 ||   259
       Tentacles         |     8 |    32 |     4 ||    44
       Constrict         |     8 |    34 |     6 ||    48
       Punch             |       |     1 |       ||     1
Evoke: Piece from Xom's  |       |     2 |     3 ||     5
       Wand              |       |     2 |     5 ||     7
  Use: Scroll            |       |     5 |       ||     5
       Potion            |       |       |     1 ||     1
 Stab: Sleeping          |     6 |    10 |     1 ||    17
       Paralysed         |       |     1 |     1 ||     2
       Distracted        |       |     1 |       ||     1
Armor: Skin              |     3 |     4 |     1 ||     8
Dodge: Dodged            |    21 |    94 |    18 ||   133

Table legend: (Time is in decaauts)
 A = Elapsed time spent in this place.
 B = Non-inter-level travel time spent in this place.
 C = Inter-level travel time spent in this place.
 D = Time resting spent in this place.
 E = Time spent auto-exploring this place.
 F = Levels seen in this place.
 G = Mean time per level.
                   A        B        C        D        E       F      G
               +--------+--------+--------+--------+--------+-----+--------+
         Total |   4638 |   4447 |    191 |    956 |   2627 |   7 |  662.6 |
       Dungeon |   4638 |   4447 |    191 |    956 |   2627 |   7 |  662.6 |
               +--------+--------+--------+--------+--------+-----+--------+

Top non-repeatable levels by time:
     D:2: 1290 daAuts
     D:4: 1115 daAuts
     D:1: 737 daAuts
     D:3: 675 daAuts
     D:5: 647 daAuts
     D:6: 135 daAuts
     D:7: 36 daAuts
